 Dungeon Crawl Stone Soup version 0.24-a0-280-g7cec4da (webtiles) character file.

Game seed: 7330523826528959692

18 Coldstonesans the Skirmisher (level 2, -1/26 HPs)
             Began as a Draconian Monk on May 14, 2019.
             Succumbed to a gnoll's poison
             ... on level 1 of the Dungeon.
             The game lasted 00:01:32 (819 turns).

Coldstonesans the Skirmisher (Draconian Monk)        Turns: 819, Time: 00:01:32

Health: -1/26      AC:  4    Str: 13    XL:     2   Next: 51%
Magic:  2/2        EV: 13    Int: 10    God:
Gold:   30         SH:  0    Dex: 13    Spells: 1/1 levels left

rFire    . . .     SeeInvis .     - Unarmed
rCold    . . .     Gourm    .   (no shield)
rNeg     . . .     Faith    .   (armour unavailable)
rPois    .         Spirit   .   (helmet restricted)
rElec    .         Reflect  .   (no cloak)
rCorr    .         Harm     .   (no gloves)
MR       .....                  (no boots)
Stlth    ++........             (no amulet)
HPRegen  0.08/turn              (no ring)
MPRegen  0.08/turn              (no ring)

@: lethally poisoned (-1 -> -24)
A: unfitting armour, cold-blooded, AC +4
a: no special abilities


You were on level 1 of the Dungeon.
You were not hungry.

You visited 1 branch of the dungeon, and saw 2 of its levels.

You collected 30 gold pieces.

Inventory:

Jewellery
 b - a cursed -3 ring of intelligence {unknown}
 c - a cursed ring of attention {unknown}
Scrolls
 e - a scroll of enchant weapon {unknown}
 f - a scroll of teleportation {unknown}
 g - a scroll of amnesia {unknown}
 h - a scroll of magic mapping {unknown}
Potions
 d - a potion of mutation {unknown}
Comestibles
 a - 3 rations


   Skills:
 + Level 3.4 Fighting
 + Level 2.9 Dodging
 + Level 2.0 Stealth
 * Level 3.3 Unarmed Combat


You had one spell level left.
You didn't know any spells.
Your spell library was empty.

Dungeon Overview and Level Annotations

Branches:
Dungeon (2/15)

Altars:

Annotations:
D:1 1 runed translucent door


Innate Abilities, Weirdness & Mutations

Your plain brown scales are hard. (AC +4)
You cannot fit into any form of body armour.
You are cold-blooded and may be slowed by cold attacks.


Message History

You climb downwards.
A frilled lizard and 2 gnolls come into view.
A gnoll is wielding a +2 spear of venom.
The gnoll shouts! x2; The frilled lizard hisses angrily.
The gnoll hits you from afar with a +2 spear of venom.
You are poisoned.
A gnoll comes into view. It is wielding a +0 spear.
The gnoll misses you.
The gnoll hits you from afar with a +2 spear of venom!
You are more poisoned.
The gnoll hits you with a +0 club!
* * * LOW HITPOINT WARNING * * *
The gnoll shouts!
Found 39 stones and a ration.
There is a stone staircase leading up, spattered with blood here.
* * * LOW HITPOINT WARNING * * *
You feel sick. The gnoll closely misses you. The gnoll barely misses you.
You climb upwards.
Level annotation: 1 runed translucent door You die... ....# #..###############..#.##.÷. ....# #..#........r....#.##.##... ....# #..#.....JrhJrwh #.##..'... ....###..# ....hshsh

#....##...
.........#######+#######..####...
....###..#.............#..# ###.
....# ##.+⌠....###....⌠'..# #.
....# #.#.....g<......#..# #.
##### #.#..⌠...@...⌠..#.## #.
#.###+#######'###(# #.
#.................# ####.
#####.#####.##########....
#..................##.
##################.##. #.##.
#.### #.#


You could see a gnoll.

Vanquished Creatures
  A dart slug (D:1)
  A giant cockroach (D:1)
  2 hobgoblins (D:1)
  2 bats (D:1)
  A frilled lizard (D:1)
  A goblin (D:1)
  5 kobolds (D:1)
  4 rats (D:1)
17 creatures vanquished.

Vanquished Creatures (others)
  2 toadstools (D:2)
2 creatures vanquished.

Grand Total: 19 creatures vanquished

Notes
Turn   | Place    | Note
-------+----------+-------------------------------------------
     0 | D:1      | Coldstonesans the Draconian Monk began the quest for the
                  | Orb.
     0 | D:1      | Reached XP level 1. HP: 19/19 MP: 1/1
     2 | D:1      | Found a runed translucent door.
    98 | D:1      | You fall through a shaft!
   390 | D:1      | Reached XP level 2. HP: 26/26 MP: 2/2
   819 | D:1      | Succumbed to a gnoll's poison

Levels and vault maps discovered:
D:1:      dpeg_arrival_caged_fury, layout_basic
D:2:      layout_rooms, minmay_gold_behind_fungi, bh_chokoban

Skill      XL: |  1  2 |
---------------+-------+-----
Stealth        | 2 |  2.0
Fighting       | |  3.4
Dodging        | |  2.9
Unarmed Combat | |  3.3

Action                   || total
-------------------------++-------
Melee: Unarmed           ||    42
       Tailslap          ||     6
 Stab: Sleeping          ||     1
Armor: Skin              ||     9
Dodge: Dodged            ||    28

Table legend:
 A = Non-vault XP
 B = Vault XP
 C = Vault XP percentage of total XP
 D = Non-vault monster count
 E = Vault monster count
 F = Vault count percentage of total count
                 A         B        C        D         E       F
            +---------+---------+-------+---------+---------+-------
      Total |      27 |       0 |   0.0 |      17 |       0 |   0.0
            +---------+---------+-------+---------+---------+-------
        D:1 |      27 |       0 |   0.0 |      17 |       0 |   0.0
            +---------+---------+-------+---------+---------+-------
